 Dungeon Crawl Stone Soup version 0.21-a0-538-gd16b88a (webtiles) character file.

1939 tidbits the Magician (level 9, 12/65 HPs)
             Began as a Gnoll Earth Elementalist on Dec 16, 2017.
             Quit the game on level 7 of the Dungeon.
             The game lasted 00:17:49 (1942 turns).

tidbits the Magician (Gnoll Earth Elementalist)     Turns: 1942, Time: 00:17:49

Health: 12/65      AC:  5    Str: 10    XL:     9   Next: 18%
Magic:  12/18      EV: 16    Int: 20    God:
Gold:   185        SH:  0    Dex: 17    Spells: 13/20 levels left

rFire    . . .     SeeInvis .   a - +4 halberd (curse)
rCold    . . .     Gourm    .   (shield currently unavailable)
rNeg     . . .     Faith    .   c - +0 robe
rPois    .         Spirit   .   E - +0 helmet
rElec    .         Reflect  .   v - +0 cloak
rCorr    .         Harm     .   (no gloves)
MR       .....                  F - +0 pair of boots
Stlth    +++.......             (no amulet)
HPRegen  0.20/turn              (no ring)
MPRegen  0.16/turn              (no ring)

@: drained
A: distributed training, fangs 1, strong nose
a: no special abilities


You were on level 7 of the Dungeon.
You were not hungry.

You visited 2 branches of the dungeon, and saw 9 of its levels.
You also visited: Sewer.

You collected 185 gold pieces.

Inventory:

Hand Weapons
 a - a cursed +4 halberd (weapon)
 p - a +1 dagger of venom
   (You took it off a goblin on level 2 of the Dungeon)
 z - a +2 shortbow of flaming
   (You took it off a centaur on level 6 of the Dungeon)
 G - a +0 morningstar
 H - a +0 dire flail
 I - the +2 hunting sling "Rixulliss" {flame, rPois Str+5}
   (You found it on level 6 of the Dungeon)

   It causes projectiles fired from it to burn those they strike, causing extra
   injury to most foes and up to half again as much damage against particularly
   susceptible opponents.
   It affects your strength (+5).
   It protects you from poison.
Missiles
 b - 7 stones (quivered)
 f - 42 sling bullets
 l - 107 arrows
Armour
 c - a +0 robe (worn)
 v - a +0 cloak (worn)
 E - a +0 helmet (worn)
 F - a +0 pair of boots (worn)
Wands
 j - a wand of enslavement (7)
Scrolls
 g - 2 scrolls of teleportation
 k - a scroll of enchant weapon {unknown}
 m - a scroll of immolation {unknown}
 n - a scroll of noise {unknown}
 q - a scroll of fog {unknown}
 r - 4 scrolls of magic mapping {unknown}
 y - a scroll of amnesia {unknown}
 A - a scroll of random uselessness {unknown}
 D - a scroll of fear {unknown}
Potions
 h - a potion of resistance {unknown}
 o - 2 potions of agility {unknown}
 s - a potion of brilliance
 u - a potion of curing
 w - 2 potions of flight {unknown}
 x - 3 potions of heal wounds
Books
 e - a book of Geomancy

   Spells                             Type                      Level
   a - Sandblast                      Earth                        1
   b - Passwall                       Transmutation/Earth          2
   c - Stone Arrow                    Conjuration/Earth            3
   d - Petrify                        Transmutation/Earth          4
   e - Lee's Rapid Deconstruction     Earth                        5
 B - a book of Cantrips
   (You found it on level 6 of the Dungeon)

   Spells                             Type                      Level
   a - Confusing Touch                Hexes                        1
   b - Animate Skeleton               Necromancy                   1
   c - Summon Small Mammal            Summoning                    1
   d - Apportation                    Translocation                1
Comestibles
 d - 6 bread rations
 t - 2 meat rations
 C - 3 royal jellies


   Skills:
 + Level 3.9(3.8) Fighting
 + Level 3.9(3.8) Short Blades
 + Level 3.9(3.8) Long Blades
 + Level 3.9(3.8) Axes
 + Level 3.9(3.8) Maces & Flails
 + Level 3.9(3.8) Polearms
 + Level 3.9(3.8) Staves
 + Level 3.9(3.8) Slings
 + Level 3.9(3.8) Bows
 + Level 3.9(3.8) Crossbows
 + Level 3.9(3.8) Throwing
 + Level 3.9(3.8) Armour
 + Level 6.1(6.0) Dodging
 + Level 5.8(5.7) Stealth
 + Level 3.9(3.8) Shields
 + Level 3.9(3.8) Unarmed Combat
 + Level 6.4(6.3) Spellcasting
 + Level 3.2(3.1) Conjurations
 + Level 3.2(3.1) Hexes
 + Level 3.2(3.1) Charms
 + Level 3.2(3.1) Summonings
 + Level 3.2(3.1) Necromancy
 + Level 3.2(3.1) Translocations
 + Level 3.9(3.8) Transmutations
 + Level 3.2(3.1) Fire Magic
 + Level 3.2(3.1) Ice Magic
 + Level 3.2(3.1) Air Magic
 + Level 6.4(6.3) Earth Magic
 + Level 3.2(3.1) Poison Magic
 + Level 4.3(4.2) Invocations
 + Level 3.9(3.8) Evocations


You had 13 spell levels left.
You knew the following spells:

 Your Spells              Type           Power        Failure   Level  Hunger
a - Sandblast             Erth           ####..       1%          1    None
e - Apportation           Tloc           ###...       2%          1    None
s - Stone Arrow           Conj/Erth      ####..       4%          3    ##.....
w - Passwall              Tmut/Erth      ####......   1%          2    None


Dungeon Overview and Level Annotations

Branches:
Dungeon (8/15)             Temple (1/1) D:7
   Lair: D:8-11

Altars:
Ashenzari
Dithmenos
Elyvilon
Gozag
Kikubaaqudgha
Okawaru
Qazlal
Ru
Sif Muna
Uskayaw
Vehumet
Wu Jian
Xom
Yredelemnul
Zin

Shops:
D:4 %

Annotations:
D:2 2 transporters
D:4 Edmund
D:5 Feta's ghost, novice FoFi


Innate Abilities, Weirdness & Mutations

Your experience applies equally to all skills.
You have very sharp teeth.
Your uncanny sense of smell can sniff out nearby items.


Message History

The wight is heavily damaged.
b - 12 stones The wight hits you from afar with an enchanted halberd!
* * * LOW HITPOINT WARNING * * *
Casting: Sandblast
Confirm with . or Enter, or press ? or * to list all spells.
Aiming: Sandblast
Press: ? - help, Shift-Dir - straight line, f/p - wight
Aim: a wight, wielding an enchanted halberd and wearing a robe (heavily damaged)
The blast of sand misses the wight.
b - 11 stones The wight hits you from afar with an enchanted halberd.
* * * LOW HITPOINT WARNING * * *
Casting: Sandblast
Confirm with . or Enter, or press ? or * to list all spells.
Aiming: Sandblast
Press: ? - help, Shift-Dir - straight line, f/p - wight
Aim: a wight, wielding an enchanted halberd and wearing a robe (heavily damaged)
The blast of sand hits the wight.
You destroy the wight!
b - 10 stones
Things that are here:
a dire flail; a robe; 3 sling bullets
H - a dire flail;
f - 36 sling bullets (gained 3)
Things that are here:
an enchanted halberd; a robe; 2 sling bullets
I - an enchanted halberd;
f - 38 sling bullets (gained 2)
You can't unwield your weapon to draw a new one!
Unknown command.
As you read the scroll of remove curse, it crumbles to dust.
You feel as if something is helping you.
Wield which item (- for none, * to show all)? (? for menu, Esc to quit)
The +2 hunting sling "Rixulliss" {flame, rPois Str+5} stops flaming.
It sticks to your hand!
I - a cursed +4 halberd (weapon)
Adjust (i)tems, (s)pells, or (a)bilities?
Adjust which item? (? for menu, Esc to quit)
I - a cursed +4 halberd (weapon)
Adjust to which letter? (? for menu, Esc to quit)
a - a cursed +4 halberd (weapon)
I - the +2 hunting sling "Rixulliss" {flame, rPois Str+5} You see here a sling bullet.
You see here a sling bullet.
The bullfrog croaks.
A bullfrog skeleton comes into view.
You see here 4 sling bullets.
You hit the bullfrog.
The bullfrog is lightly wounded.
The bullfrog closely misses you. The bullfrog hits you.
* * * LOW HITPOINT WARNING * * *
You closely miss the bullfrog.
The bullfrog is lightly wounded.
The bullfrog misses you. The bullfrog hits you.
* * * LOW HITPOINT WARNING * * *
Casting: Sandblast
Confirm with . or Enter, or press ? or * to list all spells.
Aiming: Sandblast
Press: ? - help, Shift-Dir - straight line, f - bullfrog skeleton
Aim: a bullfrog skeleton The blast of sand hits the bullfrog.
You kill the bullfrog!
b - 9 stones
Casting: Sandblast
Confirm with . or Enter, or press ? or * to list all spells.
Aiming: Sandblast
Press: ? - help, Shift-Dir - straight line, f/p - bullfrog skeleton
Aim: a bullfrog skeleton The blast of sand hits the bullfrog skeleton.
The bullfrog skeleton is severely damaged.
b - 8 stones The bullfrog skeleton hits you.
* * * LOW HITPOINT WARNING * * *
Casting: Sandblast
Confirm with . or Enter, or press ? or * to list all spells.
Aiming: Sandblast
Press: ? - help, Shift-Dir - straight line, f/p - bullfrog skeleton
Aim: a bullfrog skeleton (severely damaged)
The blast of sand hits the bullfrog skeleton.
You destroy the bullfrog skeleton!
b - 7 stones
f - 42 sling bullets (gained 4)
You see here a sling bullet.
Items here: )) [[ a spear; a robe; a spear; a robe
There is a stone staircase leading down, spattered with blood here.
You climb downwards.
There is a stone staircase leading up here.
A warg, 2 orcs and an orc wizard come into view.
An orc is wielding an antimagic short sword.
The orc wizard shouts!
You hear a shout! x2
The orc moves out of view.
The warg howls!
You hear a shout! x2
An orc comes into view. It is wielding a falchion.
An orc warrior comes into view. It is wielding a short sword.
You hear a shout! x2
An orc and an orc priest come into view.
There is a stone staircase leading up here.
You climb upwards.
There is a stone staircase leading down, spattered with blood here.
Are you sure you want to abandon this character and quit the game? (Confirm with "yes".)

# #......_.#Z## ##.
#.##.)...#####
..#####.###.########
#......##..#.# #
#...#........## # ##
#...........# #
###.###[#........##
#....#.[#.........####
#.@...............# #
#..#.##........##.#
#.##[##(##.#.....###.#
#......(##.....(.###..
#...(...###.....###...
#.......# #....(# #...
#.......# #.....# #...
#.......# #.....# ##..
#.......# #...(.######


There were no monsters in sight!

Vanquished Creatures
  A hornet (D:7)
  Eustachio (D:4)
  2 hogs (D:7)
  A black bear (D:8)
  An ogre (D:7)
  A necrophage (D:7)
  3 centaurs
  A big kobold (Sewer)
  2 bullfrogs
  4 wights (D:7)
  A howler monkey (D:7)
  A bullfrog skeleton (D:7)
  3 iguanas
  2 river rats (Sewer)
  9 adders
  A shadow imp (D:7)
  3 worms
  A dart slug (D:1)
  2 leopard geckos
  9 orcs
  A ball python (D:4)
  4 bats
  3 giant cockroaches
  2 hobgoblins (D:2)
  6 jackals
  3 quokkas
  2 frilled lizards (D:1)
  6 goblins
  9 kobolds
  3 rats
88 creatures vanquished.

Vanquished Creatures (collateral kills)
  A hog (D:7)
1 creature vanquished.

Vanquished Creatures (others)
  A hog (D:7)
  2 humans (D:7)
3 creatures vanquished.

Grand Total: 92 creatures vanquished

Notes
Turn   | Place    | Note
-------+----------+-------------------------------------------
     0 | D:1      | tidbits the Gnoll Earth Elementalist began the quest for the Orb.
     0 | D:1      | Reached XP level 1. HP: 13/13 MP: 6/6
    37 | D:1      | Reached skill level 2 in Transmutations
   131 | D:1      | Reached XP level 2. HP: 14/19 MP: 3/7
   180 | D:2      | Found a transporter.
   189 | D:2      | Noticed an orc warrior
   189 | D:2      | Noticed a bullfrog
   190 | D:2      | Found a shattered altar of Ashenzari.
   191 | D:2      | Found a transporter.
   235 | D:2      | Reached XP level 3. HP: 25/25 MP: 3/9
   260 | D:3      | Reached skill level 5 in Spellcasting
   278 | D:2      | Reached skill level 1 in Invocations
   319 | D:2      | Reached skill level 1 in Fighting
   319 | D:2      | Reached skill level 1 in Short Blades
   319 | D:2      | Reached skill level 1 in Long Blades
   319 | D:2      | Reached skill level 1 in Axes
   319 | D:2      | Reached skill level 1 in Maces & Flails
   319 | D:2      | Reached skill level 1 in Polearms
   319 | D:2      | Reached skill level 1 in Staves
   319 | D:2      | Reached skill level 1 in Slings
   319 | D:2      | Reached skill level 1 in Bows
   319 | D:2      | Reached skill level 1 in Crossbows
   319 | D:2      | Reached skill level 1 in Throwing
   319 | D:2      | Reached skill level 1 in Armour
   319 | D:2      | Reached skill level 1 in Shields
   319 | D:2      | Reached skill level 1 in Unarmed Combat
   319 | D:2      | Reached skill level 1 in Evocations
   377 | D:3      | Learned a level 2 spell: Passwall
   381 | D:3      | Learned a level 3 spell: Stone Arrow
   405 | D:3      | Reached XP level 4. HP: 28/32 MP: 8/11
   483 | D:4      | Found Wesk's Food Shoppe.
   494 | D:4      | Reached skill level 1 in Conjurations
   494 | D:4      | Reached skill level 1 in Hexes
   494 | D:4      | Reached skill level 1 in Charms
   494 | D:4      | Reached skill level 1 in Summonings
   494 | D:4      | Reached skill level 1 in Necromancy
   494 | D:4      | Reached skill level 1 in Translocations
   494 | D:4      | Reached skill level 1 in Fire Magic
   494 | D:4      | Reached skill level 1 in Ice Magic
   494 | D:4      | Reached skill level 1 in Air Magic
   494 | D:4      | Reached skill level 1 in Poison Magic
   536 | D:4      | Reached XP level 5. HP: 37/37 MP: 8/12
   541 | D:4      | Noticed Edmund
   677 | D:4      | Noticed Eustachio
   706 | D:4      | Killed Eustachio
   706 | D:4      | Reached skill level 2 in Invocations
   706 | D:4      | Reached XP level 6. HP: 31/44 MP: 2/14
   863 | D:4      | Found a shadowy altar of Dithmenos.
   863 | D:4      | Noticed a phantom
   891 | D:4      | Reached skill level 5 in Dodging
   910 | D:4      | Found a glowing drain.
   931 | Sewer    | Entered a sewer
   941 | Sewer    | Reached skill level 2 in Fighting
   941 | Sewer    | Reached skill level 2 in Short Blades
   941 | Sewer    | Reached skill level 2 in Long Blades
   941 | Sewer    | Reached skill level 2 in Axes
   941 | Sewer    | Reached skill level 2 in Maces & Flails
   941 | Sewer    | Reached skill level 2 in Polearms
   941 | Sewer    | Reached skill level 2 in Staves
   941 | Sewer    | Reached skill level 2 in Slings
   941 | Sewer    | Reached skill level 2 in Bows
   941 | Sewer    | Reached skill level 2 in Crossbows
   941 | Sewer    | Reached skill level 2 in Throwing
   941 | Sewer    | Reached skill level 2 in Armour
   941 | Sewer    | Reached skill level 2 in Shields
   941 | Sewer    | Reached skill level 2 in Unarmed Combat
   941 | Sewer    | Reached skill level 2 in Evocations
  1020 | Sewer    | Found a white marble altar of Elyvilon.
  1110 | D:5      | Entered Level 5 of the Dungeon
  1120 | D:5      | Noticed a phantom
  1131 | D:5      | Noticed Feta's ghost (novice FoFi)
  1165 | D:6      | Found a shimmering altar of Xom.
  1228 | D:6      | Reached XP level 7. HP: 50/50 MP: 10/15
  1289 | D:6      | Got a scorched hunting sling
  1290 | D:6      | Identified the cursed +2 hunting sling "Rixulliss" {flame, rPois Str+5} (You found it on level 6 of the Dungeon)
  1381 | D:6      | Reached skill level 2 in Conjurations
  1381 | D:6      | Reached skill level 2 in Hexes
  1381 | D:6      | Reached skill level 2 in Charms
  1381 | D:6      | Reached skill level 2 in Summonings
  1381 | D:6      | Reached skill level 2 in Necromancy
  1381 | D:6      | Reached skill level 2 in Translocations
  1381 | D:6      | Reached skill level 2 in Fire Magic
  1381 | D:6      | Reached skill level 2 in Ice Magic
  1381 | D:6      | Reached skill level 2 in Air Magic
  1381 | D:6      | Reached skill level 2 in Poison Magic
  1386 | D:6      | Reached skill level 3 in Transmutations
  1422 | D:7      | Noticed a hornet
  1438 | D:7      | Killed a hornet
  1438 | D:7      | Reached skill level 5 in Stealth
  1438 | D:7      | Reached skill level 6 in Earth Magic
  1438 | D:7      | Reached skill level 3 in Invocations
  1438 | D:7      | Reached XP level 8. HP: 36/57 MP: 5/16
  1473 | D:7      | Reached skill level 3 in Fighting
  1473 | D:7      | Reached skill level 3 in Short Blades
  1473 | D:7      | Reached skill level 3 in Long Blades
  1473 | D:7      | Reached skill level 3 in Axes
  1473 | D:7      | Reached skill level 3 in Maces & Flails
  1473 | D:7      | Reached skill level 3 in Polearms
  1473 | D:7      | Reached skill level 3 in Staves
  1473 | D:7      | Reached skill level 3 in Slings
  1473 | D:7      | Reached skill level 3 in Bows
  1473 | D:7      | Reached skill level 3 in Crossbows
  1473 | D:7      | Reached skill level 3 in Throwing
  1473 | D:7      | Reached skill level 3 in Armour
  1473 | D:7      | Reached skill level 3 in Shields
  1473 | D:7      | Reached skill level 3 in Unarmed Combat
  1473 | D:7      | Reached skill level 3 in Evocations
  1474 | D:7      | Found an ancient bone altar of Kikubaaqudgha.
  1538 | D:6      | Learned a level 1 spell: Apportation
  1573 | D:7      | Reached skill level 6 in Spellcasting
  1743 | D:7      | Reached skill level 3 in Conjurations
  1743 | D:7      | Reached skill level 3 in Hexes
  1743 | D:7      | Reached skill level 3 in Charms
  1743 | D:7      | Reached skill level 3 in Summonings
  1743 | D:7      | Reached skill level 3 in Necromancy
  1743 | D:7      | Reached skill level 3 in Translocations
  1743 | D:7      | Reached skill level 3 in Fire Magic
  1743 | D:7      | Reached skill level 3 in Ice Magic
  1743 | D:7      | Reached skill level 3 in Air Magic
  1743 | D:7      | Reached skill level 3 in Poison Magic
  1743 | D:7      | Reached skill level 4 in Invocations
  1749 | D:7      | Found a staircase to the Ecumenical Temple.
  1759 | Temple   | Entered the Ecumenical Temple
  1852 | D:8      | Reached skill level 6 in Dodging
  1852 | D:8      | Reached XP level 9. HP: 46/65 MP: 15/18
  1942 | D:7      | Quit the game

Vault maps used:
D:1:      minmay_arrival_arboretum_large, minivault_11, minmay_tiny_reverse_x
D:2:      gammafunk_temple_overflow_arena, tgw_trog, minitemple,
          minmay_strange_pillars, uniq_natasha, uniq_terence
D:3:      first_bread, hangedman_decor_clover_reticule
D:4:      grunt_dithmenos_shadows, kennysheep_little_box, serial_shops, shop,
          cheibrodos_sewer_entry_bend, grunt_ministairs_6, uniq_robin,
          uniq_eustachio, uniq_edmund
D:5:      nicolae_overflow_crystal_walls, lemuel_doored_altar,
          lemuel_crystal_altar, roderic_batcave
D:6:      lemuel_round_altar, minmay_misc_feat_plants
D:7:      minmay_temple_entry_poolview, grunt_livestock, tgw_kikubaaqudgha
D:8:      erik_lair_orcish_takeover, serial_shops, nicolae_shop_stone
Temple:   chequers_temple_sunken
Sewer:    sewer_kobolds

Skill      XL: |  1  2  3  4  5  6  7  8 |
---------------+-------------------------+-----
Transmutations | 2 3 |  3.9
Spellcasting   | 5 6 |  6.4
Invocations    | 1 2 3 4 |  4.3
Fighting       | 1 2 3 |  3.9
Short Blades   | 1 2 3 |  3.9
Long Blades    | 1 2 3 |  3.9
Axes           | 1 2 3 |  3.9
Maces & Flails | 1 2 3 |  3.9
Polearms       | 1 2 3 |  3.9
Staves         | 1 2 3 |  3.9
Slings         | 1 2 3 |  3.9
Bows           | 1 2 3 |  3.9
Crossbows      | 1 2 3 |  3.9
Throwing       | 1 2 3 |  3.9
Armour         | 1 2 3 |  3.9
Shields        | 1 2 3 |  3.9
Unarmed Combat | 1 2 3 |  3.9
Evocations     | 1 2 3 |  3.9
Conjurations   | 1 2 3 |  3.2
Hexes          | 1 2 3 |  3.2
Charms         | 1 2 3 |  3.2
Summonings     | 1 2 3 |  3.2
Necromancy     | 1 2 3 |  3.2
Translocations | 1 2 3 |  3.2
Fire Magic     | 1 2 3 |  3.2
Ice Magic      | 1 2 3 |  3.2
Air Magic      | 1 2 3 |  3.2
Poison Magic   | 1 2 3 |  3.2
Dodging        | 5 6 |  6.1
Stealth        | 5 |  5.8
Earth Magic    | 6 |  6.4

Action                   |  1- 3 |  4- 6 |  7- 9 || total
-------------------------+-------+-------+-------++-------
Melee: Dagger            |    20 |    82 |     2 ||   104
       Unarmed           |     1 |       |       ||     1
       Bite              |       |     7 |       ||     7
       Halberd           |       |       |     2 ||     2
 Fire: Hunting sling     |       |       |    69 ||    69
 Cast: Sandblast         |    28 |    35 |    42 ||   105
       Passwall          |     1 |     5 |     4 ||    10
       Apportation       |       |       |     2 ||     2
Evoke: Wand              |       |       |     3 ||     3
  Use: Scroll            |       |     5 |     2 ||     7
 Stab: Sleeping          |     1 |     6 |     1 ||     8
  Eat: Chunk             |       |       |     2 ||     2
       Royal jelly       |       |       |     1 ||     1
Armor: Robe              |     9 |    18 |     8 ||    35
Dodge: Dodged            |    24 |    59 |    57 ||   140

Table legend:
 A = Spawn XP
 B = Non-spawn XP
 C = Spawn XP percentage of total XP
 D = Spawn monster count
 E = Non-spawn monster count
 F = Spawn count percentage of total count
 G = Total turns spent on level
                    A         B        C        D         E        F      G
               +---------+---------+-------+---------+---------+-------+---------
         Total |       0 |    2770 |   0.0 |       0 |      90 |   0.0 |  1942
               +---------+---------+-------+---------+---------+-------+---------
           D:1 |       0 |      11 |   0.0 |       0 |       6 |   0.0 |   158
           D:2 |       0 |      50 |   0.0 |       0 |      14 |   0.0 |   169
           D:3 |       0 |      31 |   0.0 |       0 |      10 |   0.0 |   200
           D:4 |       0 |     361 |   0.0 |       0 |      19 |   0.0 |   457
           D:5 |       0 |     115 |   0.0 |       0 |       1 |   0.0 |    71
           D:6 |       0 |     257 |   0.0 |       0 |       7 |   0.0 |   270
           D:7 |       0 |    1683 |   0.0 |       0 |      22 |   0.0 |   394
           D:8 |       0 |     133 |   0.0 |       0 |       1 |   0.0 |    51
         Sewer |       0 |     129 |   0.0 |       0 |      10 |   0.0 |   126
               +---------+---------+-------+---------+---------+-------+---------

Table legend:
 A = Turns spent in this place as a percentage of turns spent in the entire game.
 B = Non-inter-level travel turns spent in this place as a percentage of non-inter-level travel turns spent in the entire game.
 C = Inter-level travel turns spent in this place as a percentage of turns spent in this place.
 D = Turns resting spent in this place as a percentage of non-inter-level travel turns spent in this place.
 E = Turns spent auto-exploring this place as a percentage of non-inter-level travel turns spent in this place.
 F = Non-inter-level travel turns spent in this place divided by the number of levels of this place that you've seen.
                   A       B       C       D       E      F
               +-------+-------+-------+-------+-------+----------------------
         Total | 100.0 | 100.0 |   1.1 |   0.0 |   0.0 | 192.0
       Dungeon |  91.1 |  92.2 |   0.0 |   0.0 |   0.0 | 221.2
        Temple |   2.4 |   1.2 |  47.8 |   0.0 |   0.0 |  24.0
         Sewer |   6.5 |   6.6 |   0.0 |   0.0 |   0.0 | 126.0
               +-------+-------+-------+-------+-------+----------------------

Table legend:
 A = Kills in this place as a percentage of kills in entire the game.
 B = Kills by you in this place as a percentage of kills by you in the entire game.
 C = Kills by friends in this place as a percentage of kills by friends in the entire game.
 D = Other kills in this place as a percentage of other kills in the entire game.
 E = Experience gained in this place as a percentage of experience gained in the entire game.
 F = Experience gained in this place divided by the number of levels of this place that you have seen.
                   A       B       C       D       E      F
               +-------+-------+-------+-------+-------+----------------------
         Total | 100.0 | 100.0 | 100.0 | 100.0 | 100.0 | 277.0
       Dungeon |  88.9 |  88.6 | 100.0 | 100.0 |  95.3 | 330.1
         Sewer |  11.1 |  11.4 |   0.0 |   0.0 |   4.7 | 129.0
               +-------+-------+-------+-------+-------+----------------------

Vault maps used:
D:1:      minmay_arrival_arboretum_large, minivault_11, minmay_tiny_reverse_x
D:2:      gammafunk_temple_overflow_arena, tgw_trog, minitemple,
          minmay_strange_pillars, uniq_natasha, uniq_terence
D:3:      first_bread, hangedman_decor_clover_reticule
D:4:      grunt_dithmenos_shadows, kennysheep_little_box, serial_shops, shop,
          cheibrodos_sewer_entry_bend, grunt_ministairs_6, uniq_robin,
          uniq_eustachio, uniq_edmund
D:5:      nicolae_overflow_crystal_walls, lemuel_doored_altar,
          lemuel_crystal_altar, roderic_batcave
D:6:      lemuel_round_altar, minmay_misc_feat_plants
D:7:      minmay_temple_entry_poolview, grunt_livestock, tgw_kikubaaqudgha
D:8:      erik_lair_orcish_takeover, serial_shops, nicolae_shop_stone
Temple:   chequers_temple_sunken
Sewer:    sewer_kobolds
